 Dungeon Crawl Stone Soup version 0.23-a0-667-gc184e93 (console) character file.

76 Duffy the Firebug (level 4, 30/30 HPs)
             Began as a Demonspawn Fire Elementalist on Jan 8, 2019.
             Quit the game on level 2 of the Dungeon.
             The game lasted 00:01:31 (1730 turns).

Duffy the Firebug (Demonspawn Fire Elementalist)    Turns: 1730, Time: 00:01:31

Health: 30/30      AC:  5    Str:  8    XL:     4   Next: 12%
Magic:  4/7        EV: 12    Int: 17    God:
Gold:   120        SH:  0    Dex: 14    Spells: 0/8 levels left

rFire    . . .     SeeInvis .   j - +0 spear
rCold    . . .     Gourm    .   (no shield)
rNeg     . . .     Faith    .   a - +0 robe
rPois    .         Spirit   .   (helmet restricted)
rElec    .         Reflect  .   (no cloak)
rCorr    .         Harm     .   (no gloves)
MR       .....                  (no boots)
Stlth    +++.......             (no amulet)
HPRegen  0.10/turn              e - ring of flight
MPRegen  0.10/turn              g - +3 ring of protection

@: no status effects
A: horns 1, nightstalker 1
a: Evoke Flight


You were on level 2 of the Dungeon.
You were not hungry.

You visited 1 branch of the dungeon, and saw 2 of its levels.

You collected 120 gold pieces.

Inventory:

Hand Weapons
 f - a +0 club
 j - a +0 spear (weapon)
Armour
 a - a +0 robe (worn)
Jewellery
 e - a ring of flight (left hand)
 g - a +3 ring of protection (right hand)
Scrolls
 d - a scroll of immolation {unknown}
 i - a scroll of teleportation {unknown}
 k - a scroll of enchant weapon {unknown}
 l - 2 scrolls of remove curse {unknown}
 m - a scroll of blinking {unknown}
 p - a scroll of identify {unknown}
 q - a scroll of random uselessness {unknown}
Potions
 b - 2 potions of agility {unknown}
 h - a potion of curing {unknown}
 o - a potion of heal wounds {unknown}
Comestibles
 c - a ration
 n - 4 chunks of flesh


   Skills:
 - Level 1.7 Dodging
 - Level 1.7 Stealth
 + Level 2.6 Spellcasting
 + Level 2.9 Conjurations
 + Level 3.2 Fire Magic


You couldn't memorise any spells.
You knew the following spells:

 Your Spells              Type           Power        Failure   Level  Hunger
h - Flame Tongue          Conj/Fire      ##...        4%          1    #......
j - Sticky Flame          Conj/Fire      ##......     45%         4    #####..
l - Conjure Flame         Conj/Fire      ##......     16%         3    ###....

Your spell library contained the following spells:

 Spells                   Type           Power        Failure   Level  Hunger
 Throw Flame              Conj/Fire      ##....       8%          2    ##.....
 Inner Flame              Hex/Fire       #.......     28%         3    ###....
 Fireball                 Conj/Fire      ##........   80%         5    ######.


Dungeon Overview and Level Annotations

Branches:
Dungeon (2/15)

Altars:


Innate Abilities, Weirdness & Mutations

You have a pair of small horns on your head.
You are slightly more attuned to the shadows.


Message History

The adder hisses angrily.
Casting: Flame Tongue (safe; 5% risk of failure)
Confirm with . or Enter, or press ? or * to list all spells.
Aiming: Flame Tongue (safe; 5% risk of failure)
Press: ? - help, Shift-Dir - straight line, f/p - adder
Aim: an adder (lightly wounded)
The flame tongue hits the adder.
You kill the adder!
You have reached level 4!
You feel agile.
Your demonic ancestry asserts itself...
A pair of horns grows on your head!
Memorise Inner Flame, consuming 3 spell levels and leaving 1?
Okay, then.
This spell is quite dangerous to cast!
Memorise Sticky Flame, consuming 4 spell levels and leaving 0?
You start memorising the spell.
You continue memorising. x4
You finish memorising.
Spell assigned to 'j'.
Adjust (i)tems, (s)pells, or (a)bilities?
Okay, then.
Are you sure you want to abandon this character and quit the game? (Confirm

.# ##...## #.# .#
##.....## #.## .#
##%......## #..##
.###.........####...##
...'.........'.......##
.###.........#........#
.# ##.......##.##..##.#
.# ##.....###.##.## ##
##...## #.##@# ##+##
#.##..%# #.#####..# #..
.# ### #


There were no monsters in sight!

Vanquished Creatures
  A bullfrog skeleton (D:2)
  An adder (D:2)
  A worm (D:2)
  2 leopard geckos (D:1)
  3 giant cockroaches
  5 hobgoblins
  3 jackals (D:2)
  4 frilled lizards (D:1)
  3 goblins (D:1)
  5 kobolds
  7 rats
35 creatures vanquished.

Notes
Turn   | Place    | Note
-------+----------+-------------------------------------------
     0 | D:1      | Duffy the Demonspawn Fire Elementalist began the quest for
                  | the Orb.
     0 | D:1      | Reached XP level 1. HP: 13/13 MP: 3/3
   321 | D:2      | Gained mutation: You are slightly more attuned to the
                  | shadows. [demonic ancestry]
   321 | D:2      | Reached XP level 2. HP: 17/19 MP: 3/5
   951 | D:1      | Reached XP level 3. HP: 24/24 MP: 4/6
   956 | D:1      | Learned a level 3 spell: Conjure Flame
  1522 | D:2      | Reached skill level 3 in Fire Magic
  1724 | D:2      | Gained mutation: You have a pair of small horns on your
                  | head. [demonic ancestry]
  1724 | D:2      | Reached XP level 4. HP: 30/30 MP: 4/7
  1730 | D:2      | Learned a level 4 spell: Sticky Flame
  1730 | D:2      | Quit the game

Vault maps used:
D:1:      roderic_crossed_star
D:2:      uniq_jessica

Skill      XL: |  1  2  3 |
---------------+----------+-----
Conjurations   | 2 |  2.9
Fire Magic     | 3 |  3.2
Dodging        | |  1.7
Stealth        | |  1.7
Spellcasting   | |  2.6

Action                   |  1- 3 |  4- 6 || total
-------------------------+-------+-------++-------
Melee: Club              |     7 |       ||     7
       Spear             |     2 |       ||     2
 Cast: Flame Tongue      |    60 |     1 ||    61
       Conjure Flame     |     1 |       ||     1
  Eat: Chunk             |     3 |       ||     3
Armor: Robe              |     3 |       ||     3
Dodge: Dodged            |    19 |       ||    19

Table legend:
 A = Non-vault XP
 B = Vault XP
 C = Vault XP percentage of total XP
 D = Non-vault monster count
 E = Vault monster count
 F = Vault count percentage of total count
                 A         B        C        D         E       F
            +---------+---------+-------+---------+---------+-------
      Total |     109 |       0 |   0.0 |      35 |       0 |   0.0
            +---------+---------+-------+---------+---------+-------
        D:1 |      36 |       0 |   0.0 |      22 |       0 |   0.0
        D:2 |      73 |       0 |   0.0 |      13 |       0 |   0.0
            +---------+---------+-------+---------+---------+-------
